 Dungeon Crawl Stone Soup version 0.29-a0-668-g12ee2bf84d (webtiles) character file.

Game seed: 5126063874902864797

266 testman the Cudgeller (level 6, -5/62 HPs)
             Began as a Troll Gladiator on June 23, 2022.
             Slain by Sigmund
             ... wielding a +0 scythe
              (8 damage)
             ... on level 3 of the Dungeon.
             The game lasted 00:06:41 (1990 turns).

testman the Cudgeller (Troll Gladiator)             Turns: 1990, Time: 00:06:41

Health: -5/62      AC:  5    Str: 24 (25) XL:     6   Next: 0%
Magic:  5/5        EV: 10    Int:  3 (4)  God:
Gold:   87         SH:  0    Dex:  9 (11) Spells: 5/5 levels left

rFire   . . .      SeeInvis .   a - +0 flail
rCold   . . .      Faith    .   (no shield)
rNeg    . . .      Spirit   .   b - +0 robe
rPois   .          Reflect  .   c - +0 hat
rElec   .          Harm     .   o - +0 cloak
rCorr   +          Rampage  .   (gloves unavailable)
Will    .....                   (boots unavailable)
Stlth   +.........              (no amulet)
HPRegen 1.00/turn               h - ring of resist corrosion
MPRegen 0.09/turn               (no ring)

@: no status effects
A: large, unfitting armour, claws 3, regeneration 1, shaggy fur 1, tough skin 1
a: no special abilities


You were on level 3 of the Dungeon.
You visited 1 branch of the dungeon, and saw 3 of its levels.

You collected 87 gold pieces.

Inventory:

Hand Weapons
 a - a +0 flail (weapon)
Missiles
 d - 3 throwing nets (quivered)
 e - a large rock
 f - 6 poisoned darts
Armour
 b - a +0 robe (worn)
 c - a +0 hat (worn)
 o - a +0 cloak (worn)
Jewellery
 h - a ring of resist corrosion (left claw)
 j - a ring of positive energy
Wands
 p - a wand of iceblast (4)
Scrolls
 g - a scroll of teleportation {unknown}
 i - a scroll of noise {unknown}
 q - a scroll of magic mapping {unknown}
Potions
 l - a potion of invisibility {unknown}
 m - a potion of berserk rage {unknown}
 n - a potion of brilliance {unknown}
 r - a potion of heal wounds {unknown}


   Skills:
 + Level 3.8 Fighting
 + Level 4.7 Maces & Flails
 - Level 1.7 Throwing
 - Level 2.4 Dodging


You had 5 spell levels left.
You didn't know any spells.
Your spell library contained the following spells:

 Spells                   Type           Power      Damage    Failure   Level
 Sting                    Tmut/Pois      0%         1d3       52%         1
 Poisonous Vapours        Pois/Air       0%         N/A       67%         2
 Olgreb's Toxic Radiance  Pois           0%         N/A       99%         4


Dungeon Overview and Level Annotations

Branches:
Dungeon (3/15)

Altars:

Annotations:
D:3 2 transporters, Sigmund; buh's ghost, amateur FoHu


Innate Abilities, Weirdness & Mutations

You are too large for most types of armour.
You have claws for hands.
Your natural rate of healing is unusually fast.
You are covered in fur. (AC +1)
You have tough skin. (AC +1)


Message History

You barely miss the phantom.
The phantom is almost destroyed.
The phantom misses you.
You bump into the rock wall.
The phantom hits you but does no damage.
Sigmund casts a spell at you. The puff of flame hits you!
You barely miss the phantom.
The phantom is almost destroyed.
The phantom hits you but does no damage.
Sigmund closely misses you. The phantom hits you.
The phantom blinks!
You blink.
Found a pair of gloves and 8 stones.
The phantom hits you.
The phantom blinks!
You blink.
Found 5 gold pieces.
Sigmund mumbles some strange words.
Sigmund flickers and vanishes!
Deactivating autopickup; reactivate with Ctrl-A.
The phantom barely misses you.
You feel less confused. The phantom hits you.
You closely miss the phantom.
The phantom is almost destroyed.
The phantom hits you.
The phantom blinks!
You blink.
You hit the phantom but do no damage.
The phantom is almost destroyed.
Something hits you!
* * * LOW HITPOINT WARNING * * *
The phantom hits you but does no damage.
You sock the phantom!
You destroy the phantom!
Something hits you!
* * * LOW HITPOINT WARNING * * *
You have reached level 6!
You feel stronger.
Okay, then.
Okay, then.
It was a potion of degeneration.
There was something very wrong with that liquid.
You feel weakened.
You feel dopey.
You feel clumsy. Something hits you!
You die...

......... .!..........[..
#......# #....J.........
#......# #######...##...
#...[..####.....)........
#......#........#########
#...............>....## #
#...............####..# #
#..(..#.........# ##.###
#.....#.@.{.....# ###..##
#.....#.........# #....##
#.....#.........# #....##
#.....#.........# #.....#
#.....#.....##### #...#.#
#.....#.....# #...#.#
#...$.# #...#.. #.....#
#...##. #.....# .......


There were no monsters in sight!

Vanquished Creatures
  A black bear (D:3)
  A phantom (D:3)
  Robin (D:2)
  2 adders (D:2)
  2 dart slugs (D:1)
  An orc (D:3)
  4 bats
  3 endoplasms
  3 giant cockroaches
  14 goblins
  6 hobgoblins
  A jackal (D:3)
  2 quokkas (D:1)
  8 ball pythons
  2 frilled lizards (D:1)
  7 kobolds
  4 rats
62 creatures vanquished.

Notes
Turn   | Place    | Note
-------+----------+-------------------------------------------
     0 | D:1      | testman the Troll Gladiator began the quest for the Orb.
     0 | D:1      | Reached XP level 1. HP: 19/19 MP: 0/0
   132 | D:1      | Reached skill level 3 in Maces & Flails
   133 | D:1      | Reached XP level 2. HP: 23/28 MP: 1/1
   351 | D:1      | Found a faded altar of an unknown god.
   677 | D:1      | Reached XP level 3. HP: 35/35 MP: 2/2
  1053 | D:2      | Noticed Robin
  1088 | D:2      | Killed Robin
  1304 | D:2      | Reached XP level 4. HP: 29/44 MP: 3/3
  1736 | D:3      | Noticed a black bear
  1747 | D:3      | Killed a black bear
  1748 | D:3      | Reached skill level 4 in Maces & Flails
  1748 | D:3      | Reached XP level 5. HP: 7/53 MP: 4/4
  1914 | D:3      | Noticed buh's ghost (amateur FoHu)
  1915 | D:3      | Found a transporter.
  1917 | D:3      | Noticed an ogre
  1918 | D:3      | Identified the +8 dire flail of the Conjuring Pill Bug
                  | {drain, rN+}
  1918 | D:3      | Noticed an ogre
  1919 | D:3      | Found a transporter.
  1964 | D:3      | Noticed a phantom
  1973 | D:3      | Noticed Sigmund
  1989 | D:3      | Killed a phantom
  1989 | D:3      | HP: 2/53 [something (9)]
  1990 | D:3      | Reached XP level 6. HP: 2/62 MP: 5/5
  1990 | D:3      | Slain by Sigmund

Illustrated notes

Levels and vault maps discovered:
D:1:      shiori_arrival_maze, layout_loops_corners,
          shapermc_ecumenical_altar_petra
D:2:      layout_basic, uniq_robin
D:3:      kb_forest_paths, layout_basic, gammafunk_ghost_smash, uniq_sigmund

Skill      XL: |  1  2  3  4 |
---------------+-------------+-----
Maces & Flails | 3 4 |  4.7
Fighting       | 2 3 |  3.8
Throwing       | |  1.7
Dodging        | |  2.4

Action                   |  1- 3 |  4- 6 || total
-------------------------+-------+-------++-------
Melee: Flail             |   141 |    65 ||   206
  Use: Potion            |       |     1 ||     1
 Stab: Sleeping          |     2 |       ||     2
Armor: Robe              |    55 |    33 ||    88
Dodge: Dodged            |    72 |    39 ||   111

Table legend: (Time is in decaauts)
 A = Elapsed time spent in this place.
 B = Non-inter-level travel time spent in this place.
 C = Inter-level travel time spent in this place.
 D = Time resting spent in this place.
 E = Time spent auto-exploring this place.
 F = Levels seen in this place.
 G = Mean time per level.
                   A        B        C        D        E       F      G
               +--------+--------+--------+--------+--------+-----+--------+
         Total |   2036 |   1858 |    178 |      0 |   1334 |   3 |  678.7 |
       Dungeon |   2036 |   1858 |    178 |      0 |   1334 |   3 |  678.7 |
               +--------+--------+--------+--------+--------+-----+--------+

Top non-repeatable levels by time:
     D:1: 875 daAuts
     D:2: 703 daAuts
     D:3: 456 daAuts
